 Dungeon Crawl Stone Soup version 0.29-a0-352-g0917bc69df (webtiles) character file.

Game seed: 2900831697131013345

41305 P0WERM0DE the Grappler (level 13, -14/122 HPs)
             Began as a Troll Chaos Knight on Apr 23, 2022.
             Was a Priest of Cheibriados.
             Demolished by a +8 halberd of protection (24 damage)
             ... on level 2 of the Elven Halls.
             The game lasted 00:32:11 (5567 turns).

P0WERM0DE the Grappler (Troll Chaos Knight)         Turns: 5567, Time: 00:32:12

Health: -14/122    AC:  7    Str: 27    XL:     13   Next: 79%
Magic:  26/26      EV:  9    Int: 26    God:    Cheibriados [***...]
Gold:   1786       SH: 14    Dex: 15    Spells: 10/12 levels left

rFire   + + .      SeeInvis .     - Unarmed
rCold   + + .      Faith    .   m - +4 kite shield {rC+ rF+}
rNeg    + . .      Spirit   .   M - +0 troll leather armour
rPois   +          Reflect  .   g - -2 hat of the Alchemist {rElec rPois rF+ rC+ rN+ Will+ rMut rCorr}
rElec   +          Harm     .   E - +2 cloak
rCorr   +          Rampage  .   (gloves unavailable)
rMut    +          Rnd*Tele +   (boots unavailable)
Will    +....                   (no amulet)
Stlth   +.........              l - ring of magical power
HPRegen 1.90/turn               f - +6 ring of intelligence
MPRegen 0.20/turn

@: very slow
A: large, unfitting armour, claws 3, regeneration 1, shaggy fur 1, tough skin 1,
clumsy 1, frail 1, teleportitis 1, weak 2
a: Renounce Religion, Bend Time, Temporal Distortion


You were on level 2 of the Elven Halls.
You worshipped Cheibriados.
Cheibriados was most pleased with you.
You visited 4 branches of the dungeon, and saw 19 of its levels.
You also visited: Bailey.

You collected 3064 gold pieces.
You spent 1278 gold pieces at shops.

Inventory:

Hand Weapons
 a - a +0 scimitar of flaming
   (You took it off Erica on level 8 of the Dungeon)
 b - a +8 dagger of holy wrath
   (You took it off a goblin on level 1 of the Dungeon)
 o - the +7 rapier of Nuehuit {speed, Drain rElec rPois rC+}
   (You found it in a bailey)

   Attacks with this weapon are significantly faster.
   rC:        It protects you from cold.
   rElec:     It insulates you from electricity.
   rPois:     It protects you from poison.
   Drain:     It drains your maximum health when unequipped.
   Cheibriados disapproves of the use of such an item.
Missiles
 e - 27 poisoned darts
 u - 4 throwing nets
 A - 29 boomerangs
 C - 9 silver boomerangs
 G - 2 curare-tipped darts
Armour
 g - the -2 hat of the Alchemist (worn) {rElec rPois rF+ rC+ rN+ Will+ rMut rCorr}
   (You bought it in a shop on level 2 of the Orcish Mines)

   rF:        It protects you from fire.
   rC:        It protects you from cold.
   rElec:     It insulates you from electricity.
   rPois:     It protects you from poison.
   rN:        It protects you from negative energy.
   rCorr:     It protects you from acid and corrosion.
   rMut:      It protects you from mutation.
   Will:      It increases your willpower.
 m - a +4 kite shield of resistance (worn)
   (You acquired it on level 8 of the Dungeon)
 E - a +2 cloak (worn)
   (You took it off Maurice on level 8 of the Dungeon)
 M - a +0 troll leather armour (worn)
   (You found it on level 9 of the Dungeon)
Magical Staves
 I - a staff of air
   (You found it on level 5 of the Dungeon)
Jewellery
 f - a +6 ring of intelligence (right claw)
   (You found it on level 5 of the Dungeon)
 l - a ring of magical power (left claw)
   (You found it on level 4 of the Dungeon)
 N - a ring of ice
   (You found it on level 11 of the Dungeon)
Wands
 p - a wand of flame (3)
   (You found it on level 1 of the Elven Halls)
 v - a wand of digging (1)
   (You found it on level 7 of the Dungeon)
 F - a wand of polymorph (8)
   (You took it off Maurice on level 8 of the Dungeon)
 K - a wand of paralysis (3)
   (You found it on level 11 of the Dungeon)
 L - a wand of charming (5)
   (You took it off an orc on level 10 of the Dungeon)
Scrolls
 i - a scroll of torment
 j - a scroll of amnesia
 k - a scroll of vulnerability
 n - a scroll of fear
 t - 2 scrolls of teleportation
 z - a scroll of blinking
 D - 3 scrolls of fog
 J - a scroll of enchant armour
Potions
 d - 2 potions of might
 s - a potion of brilliance
 w - 2 potions of ambrosia
 x - 2 potions of cancellation
 H - a potion of flight
Miscellaneous
 c - a condenser vane
   (You found it in a bailey)


   Skills:
 * Level 10.8 Fighting
 - Level 1.9 Dodging
 * Level 7.6 Shields
 * Level 12.7 Unarmed Combat
 * Level 5.7 Transmutations
 * Level 7.9 Invocations
 - Level 6.6 Evocations


You had 10 spell levels left.
You knew the following spells:

 Your Spells              Type           Power      Damage    Failure   Level
s - Wereblood             Tmut           30%        N/A       4%          2

Your spell library contained the following spells:

 Spells                   Type           Power      Damage    Failure   Level
 Beastly Appendage        Tmut           60%        N/A       2%          1
 Spider Form              Tmut/Pois      15%        N/A       26%         3
 Animate Skeleton         Necr           0%         N/A       28%         1
 Foxfire                  Conj/Fire      0%         2x1d4     28%         1
 Magic Dart               Conj           0%         1d3       28%         1
 Pain                     Necr           0%         1d4       28%         1
 Call Imp                 Summ           0%         N/A       41%         2
 Sublimation of Blood     Necr           0%         N/A       41%         2
 Conjure Flame            Conj/Fire      0%         6-21      65%         3
 Gell's Gravitas          Tloc           0%         N/A       65%         3
 Inner Flame              Hex/Fire       0%         N/A       65%         3
 Mephitic Cloud           Conj/Pois/Air  0%         N/A       65%         3
 Stone Arrow              Conj/Erth      0%         3d7       65%         3
 Teleport Other           Tloc           0%         N/A       65%         3
 Vampiric Draining        Necr           0%         2d6       65%         3
 Petrify                  Tmut/Erth      15%        N/A       65%         4
 Irradiate                Conj/Tmut      7%         3d15      94%         5
 Animate Armour           Summ/Erth      0%         N/A       96%         4
 Flame Wave               Conj/Fire      0%         2d4       96%         4
 Dispersal                Tloc           0%         N/A       100%        6
 Lehudib's Crystal Spear  Conj/Erth      0%         10d2      100%        8


Dungeon Overview and Level Annotations

Branches:
Dungeon (14/15)            Temple (1/1) D:5            Lair (0/6) D:10
    Orc (2/2) D:10            Elf (2/3) Orc:2        Vaults (0/5) D:13
 Bailey (visited)

Altars:
Ashenzari
Cheibriados
Dithmenos
Elyvilon
Fedhas
Gozag
Hepliaklqana
Kikubaaqudgha
Makhleb
Nemelex Xobeh
Okawaru
Qazlal
Ru
Sif Muna
Trog
Uskayaw
Vehumet
Wu Jian
Xom
Yredelemnul
Zin
The Shining One

Shops:
D:3 [   D:14 [   Orc:2 **:(([[[

Annotations:
Elf:1 8 runed translucent doors


Innate Abilities, Weirdness & Mutations

You are too large for most types of armour.
You have claws for hands.
Your natural rate of healing is unusually fast.
You are covered in fur. (AC +1)
You have tough skin. (AC +1)
You are clumsy. (Dex -2)
You are frail. (-10% HP)
You are occasionally teleported next to monsters.
You are very weak. (Str -4)


Message History

You block the deep elf zephyrmancer's attack.
You mangle the deep elf zephyrmancer!!
You kill the deep elf zephyrmancer!
Cheibriados appreciates the change of pace.
The deep elf zephyrmancer barely misses you.
You mangle the deep elf zephyrmancer!!
The deep elf zephyrmancer is almost dead.
The deep elf zephyrmancer gestures at you while chanting.
The bolt of lightning misses you.
You miss the deep elf zephyrmancer.
The deep elf zephyrmancer is almost dead.
The deep elf zephyrmancer closely misses you.
You barely miss the deep elf zephyrmancer.
The deep elf zephyrmancer is almost dead.
The deep elf zephyrmancer hits you with a +1 long sword of holy wrath.
You claw the deep elf zephyrmancer!
You kill the deep elf zephyrmancer!
Cheibriados thoroughly appreciates the change of pace.
A +8 halberd of protection comes into view.
Your condenser vane has recharged.
You claw the +8 halberd of protection!
The +8 halberd of protection is heavily damaged.
You block the +8 halberd of protection's attack.
You miss the +8 halberd of protection.
The +8 halberd of protection is heavily damaged.
You block the +8 halberd of protection's attack. x2
You miss the +8 halberd of protection.
The +8 halberd of protection is heavily damaged.
The +8 halberd of protection hits you!!
* * * LOW HITPOINT WARNING * * *
You closely miss the +8 halberd of protection.
The +8 halberd of protection is heavily damaged.
You block the +8 halberd of protection's attack.
You miss the +8 halberd of protection.
The +8 halberd of protection is heavily damaged.
The +8 halberd of protection hits you!!
* * * LOW HITPOINT WARNING * * *
You feel better. The +8 halberd of protection hits you!!
You die...
Xom snickers!

# ##### #.
##...###
...##......#
.........#
......##
#.....##
#@)...#
##(..##
##...##
#....#
...........#
............#
...........##
#....ยง....##
#.........#


You could see a +8 halberd of protection.

Vanquished Creatures
  2 orc warlords
  A fire dragon (D:13)
  A boulder beetle (D:11)
  3 hydras
  Erica (D:8)
  4 two-headed ogres
  2 centaur warriors (D:14)
  A dancing weapon (Elf:2)
  3 orc high priests (Orc:2)
  A deep elf knight (Elf:2)
  4 deep elf zephyrmancers
  A deep elf pyromancer (D:14)
  2 manticores
  4 orc sorcerers (Orc:2)
  3 orc knights (Orc:2)
  24 ugly things
  Maurice (D:8)
  A black mamba (shapeshifter) (Elf:2)
  An unseen horror (D:11)
  A freezing wraith (D:13)
  2 tengu conjurers (D:13)
  4 trolls
  2 air elementals
  A shadow (D:11)
  7 spriggans (D:8)
  A vampire (D:14)
  2 water elementals (Elf:1)
  14 yaks
  A wraith (D:11)
  A steam dragon (D:7)
  4 vampire mosquitoes (D:11)
  A warg (Orc:2)
  An acid dragon (D:13)
  A sky beast (D:8)
  30 orc warriors
  A black bear (D:7)
  7 ogres
  12 centaurs
  A phantom (D:5)
  6 kobold brigands
  3 necrophages
  3 bullfrogs
  3 scorpions
  5 killer bees
  5 howler monkeys
  An electric eel (D:6)
  2 jellies
  5 hounds
  3 gnoll shamans
  8 orc priests
  14 orc wizards
  An iguana (D:5)
  14 gnolls
  10 adders
  2 shadow imps (D:6)
  3 white imps
  3 ufetubi
  A worm (D:5)
  A dart slug (D:2)
  75 orcs
  6 ball pythons
  4 bats
  3 endoplasms
  7 giant cockroaches
  9 goblins
  6 hobgoblins
  33 kobolds
  A quokka (D:4)
  3 frilled lizards
  A rat (D:1)
395 creatures vanquished.

Vanquished Creatures (collateral kills)
  An orc warrior (Orc:2)
1 creature vanquished.

Vanquished Creatures (others)
  A shadow imp (D:7)
  11 fungi (Orc:2)
  13 plants (D:6)
25 creatures vanquished.

Grand Total: 421 creatures vanquished

Notes
Turn   | Place    | Note
-------+----------+-------------------------------------------
     0 | D:1      | P0WERM0DE the Troll Chaos Knight began the quest for the
                  | Orb.
     0 | D:1      | Reached XP level 1. HP: 22/22 MP: 0/0
    53 | D:1      | XOM: divination: detect items
   110 | D:2      | XOM: potion effect (might)
   113 | D:2      | Reached XP level 2. HP: 27/29 MP: 1/1
   149 | D:2      | Reached skill level 1 in Evocations
   154 | D:2      | Reached XP level 3. HP: 36/36 MP: 2/2
   301 | D:1      | Reached XP level 4. HP: 45/45 MP: 3/3
   327 | D:1      | XOM: silly message
   509 | D:3      | Found Zoehek's Antique Armour Shoppe.
   555 | D:3      | XOM: divination: magic mapping
   564 | D:3      | Reached skill level 4 in Unarmed Combat
   571 | D:3      | Reached XP level 5. HP: 48/53 MP: 4/4
   573 | D:3      | XOM: potion effect (might)
   596 | D:3      | XOM: divination: detect items
   777 | D:4      | XOM: draining
   787 | D:4      | XOM: blink monster(s)
   788 | D:4      | XOM: 1-stop teleportation journey
   830 | D:5      | Entered Level 5 of the Dungeon
   842 | D:5      | XOM: potion effect (brilliance)
   851 | D:5      | Reached XP level 6. HP: 61/62 MP: 5/5
   888 | D:5      | XOM: 6-stop teleportation journey
   889 | D:5      | Found a staircase to the Ecumenical Temple.
   914 | Temple   | Entered the Ecumenical Temple
   923 | Temple   | Fell from the grace of Xom
   923 | Temple   | Became a worshipper of Cheibriados the Contemplative
   994 | D:5      | Found a radiant altar of Vehumet.
   997 | D:5      | Found a hide-covered altar of Uskayaw.
  1000 | D:5      | Found a sparkling altar of Nemelex Xobeh.
  1003 | D:5      | Found a shimmering altar of Xom.
  1076 | D:5      | Reached skill level 5 in Unarmed Combat
  1151 | D:5      | Reached XP level 7. HP: 65/70 MP: 6/6
  1216 | D:5      | Reached * piety under Cheibriados
  1455 | D:6      | Reached skill level 5 in Fighting
  1455 | D:6      | Reached skill level 6 in Unarmed Combat
  1488 | D:5      | Reached XP level 8. HP: 80/80 MP: 7/7
  1504 | D:6      | Identified the +1 robe "Osyocw" {Dex+4 Stlth+}
  1548 | D:6      | Reached ** piety under Cheibriados
  1656 | D:7      | XOM: summons 3 hostile shadow creatures
  1671 | D:8      | Noticed Maurice
  1685 | D:8      | Killed Maurice
  1686 | D:8      | Reached skill level 7 in Unarmed Combat
  1690 | D:8      | Reached skill level 5 in Evocations
  1827 | D:8      | Reached XP level 9. HP: 89/89 MP: 8/8
  1857 | D:8      | Found a flagged portal.
  1857 | D:8      | XOM: 4-stop teleportation journey
  1934 | D:8      | Noticed a two-headed ogre
  1942 | D:8      | Killed a two-headed ogre
  1943 | D:8      | Reached skill level 8 in Unarmed Combat
  1965 | D:8      | Reached *** piety under Cheibriados
  1995 | Bailey   | Entered a bailey
  2000 | Bailey   | Noticed an orc warlord
  2084 | Bailey   | Found a runed translucent gate.
  2085 | Bailey   | Found a runed translucent gate.
  2090 | Bailey   | Found a runed translucent gate.
  2171 | Bailey   | HP: 2/93 [orc warlord/+0 war axe (17)]
  2173 | Bailey   | Killed an orc warlord
  2174 | Bailey   | Reached skill level 9 in Unarmed Combat
  2174 | Bailey   | Reached XP level 10. HP: 33/102 MP: 9/9
  2196 | Bailey   | Identified the +7 rapier of Nuehuit {speed, Drain rElec
                  | rPois rC+}
  2212 | D:8      | Acquired a +0 kite shield of resistance
  2276 | D:9      | XOM: god gift: 36 gold pieces
  2401 | D:8      | Reached skill level 1 in Shields
  2481 | D:8      | Reached **** piety under Cheibriados
  2510 | D:8      | XOM: silly message
  2654 | D:7      | Reached skill level 1 in Invocations
  2916 | D:8      | Noticed Erica
  2921 | D:8      | Killed Erica
  2921 | D:8      | Reached ***** piety under Cheibriados
  2922 | D:8      | Reached skill level 10 in Unarmed Combat
  2954 | D:8      | XOM: give mutations
  2954 | D:8      | Gained mutation: Your body sometimes deteriorates upon
                  | taking damage. [Xom's mischief]
  2954 | D:8      | Gained mutation: You are frail. (-10% HP) [Xom's mischief]
  2954 | D:8      | Gained mutation: You are occasionally teleported next to
                  | monsters. [Xom's mischief]
  2954 | D:8      | Lost mutation: Your body sometimes deteriorates upon taking
                  | damage. [Xom's mischief]
  3018 | D:10     | Entered Level 10 of the Dungeon
  3018 | D:10     | Found a staircase to the Orcish Mines.
  3022 | D:10     | Noticed a two-headed ogre
  3036 | D:10     | Killed a two-headed ogre
  3037 | D:10     | Reached XP level 11. HP: 20/101 MP: 12/12
  3097 | D:10     | Found a staircase to the Lair.
  3126 | D:10     | XOM: noise
  3181 | D:10     | Learned a level 2 spell: Wereblood
  3266 | D:10     | XOM: give mutations
  3266 | D:10     | Gained mutation: You are clumsy. (Dex -2) [Xom's mischief]
  3266 | D:10     | Gained mutation: You are weak. (Str -2) [Xom's mischief]
  3303 | D:11     | Noticed an eight-headed hydra
  3380 | D:12     | XOM: noise
  3404 | D:13     | Noticed a green ugly thing
  3409 | D:13     | Killed a green ugly thing
  3410 | D:13     | Reached skill level 1 in Transmutations
  3534 | D:13     | Noticed a fire dragon
  3550 | D:13     | Killed a fire dragon
  3559 | D:13     | Found a gate to the Vaults.
  3571 | D:13     | XOM: 1-stop teleportation journey
  3594 | D:14     | Noticed a red ugly thing
  3594 | D:14     | Noticed a red ugly thing
  3594 | D:14     | Noticed a red ugly thing
  3594 | D:14     | Noticed a red ugly thing
  3594 | D:14     | Noticed a centaur warrior
  3595 | D:14     | Noticed a red ugly thing
  3595 | D:14     | Noticed a red ugly thing
  3598 | D:14     | Killed a centaur warrior
  3599 | D:14     | Noticed a red ugly thing
  3601 | D:14     | Killed a red ugly thing
  3601 | D:14     | Killed a red ugly thing
  3601 | D:14     | Killed a red ugly thing
  3601 | D:14     | Killed a red ugly thing
  3601 | D:14     | Killed a red ugly thing
  3601 | D:14     | Noticed a red ugly thing
  3602 | D:14     | Reached skill level 5 in Shields
  3602 | D:14     | Reached skill level 11 in Unarmed Combat
  3602 | D:14     | Killed a red ugly thing
  3603 | D:14     | Noticed a red ugly thing
  3603 | D:14     | Noticed a red ugly thing
  3603 | D:14     | Noticed a six-headed hydra
  3603 | D:14     | Noticed a red ugly thing
  3603 | D:14     | Noticed a green ugly thing
  3603 | D:14     | Noticed a green ugly thing
  3604 | D:14     | Noticed a green ugly thing
  3605 | D:14     | Noticed a green ugly thing
  3609 | D:14     | Noticed a four-headed hydra
  3609 | D:14     | Killed a six-headed hydra
  3610 | D:14     | Reached skill level 5 in Invocations
  3610 | D:14     | Reached XP level 12. HP: 86/110 MP: 9/14
  3616 | D:14     | Killed a four-headed hydra
  3622 | D:14     | XOM: 1-stop teleportation journey
  3687 | D:14     | Found Xaf Mass's Antique Armour Shoppe.
  3773 | D:14     | XOM: silly message
  3796 | D:14     | Noticed a centaur warrior
  3812 | D:14     | Killed a centaur warrior
  3857 | D:14     | XOM: silly message
  3880 | D:13     | Reached skill level 10 in Fighting
  3951 | D:13     | XOM: silly message
  4251 | D:11     | Killed an 11-headed hydra
  4283 | D:11     | Reached skill level 12 in Unarmed Combat
  4288 | D:11     | Noticed a boulder beetle
  4301 | D:11     | Killed a boulder beetle
  4302 | D:11     | Reached XP level 13. HP: 85/119 MP: 17/17
  4377 | D:11     | XOM: silly message
  4415 | D:11     | XOM: silly message
  4555 | Orc:1    | Entered Level 1 of the Orcish Mines
  4587 | Orc:1    | XOM: enchant monster (bad)
  4658 | Orc:2    | Entered Level 2 of the Orcish Mines
  4658 | Orc:2    | Found a staircase to the Elven Halls.
  4679 | Orc:2    | Found Iwax's Magic Scroll Shop.
  4756 | Orc:2    | XOM: noise
  4794 | Orc:2    | Reached skill level 5 in Transmutations
  4808 | Orc:2    | XOM: swap monsters
  4823 | Orc:2    | Noticed an orc warlord
  4834 | Orc:2    | Killed an orc warlord
  4860 | Orc:2    | Found Nopsiew's Antique Weapon Shoppe.
  4868 | Orc:2    | Gained mutation: You are very weak. (Str -4) [a neqoxec]
  4934 | Orc:1    | XOM: noise
  4987 | Orc:2    | Found Midogoit's Antique Armour Emporium.
  5000 | Orc:2    | Found Wyssiej's Antique Armour Shoppe.
  5023 | Orc:2    | Bought a glowing cloak for 225 gold pieces
  5027 | Orc:2    | Found Pox Pamyi's Armour Shoppe.
  5037 | Orc:2    | Bought the -2 hat of the Alchemist {rElec rPois rF+ rC+ rN+
                  | Will+ rMut rCorr} for 660 gold pieces
  5037 | Orc:2    | Found the -2 hat of the Alchemist {rElec rPois rF+ rC+ rN+
                  | Will+ rMut rCorr}
  5112 | Orc:2    | Found Wuerghae's Weapon Shoppe.
  5221 | Orc:2    | Found Afebuak's General Store.
  5229 | Orc:2    | Bought a scroll of fear for 45 gold pieces
  5229 | Orc:2    | Bought a potion of curing for 39 gold pieces
  5247 | Orc:2    | Found Picosh's Book Emporium.
  5251 | Orc:2    | Found Dias's Assorted Antiques.
  5262 | Orc:2    | Bought a scroll of enchant armour for 187 gold pieces
  5262 | Orc:2    | Bought a scroll of fog for 50 gold pieces
  5262 | Orc:2    | Bought a grey potion for 22 gold pieces
  5262 | Orc:2    | Bought a scroll of identify for 50 gold pieces
  5262 | Orc:2    | Acquired 1285 gold pieces
  5366 | Elf:1    | Entered Level 1 of the Elven Halls
  5369 | Elf:1    | Paralysed by an air elemental for 1 turns
  5435 | Elf:1    | Found a huge runed translucent gate.
  5436 | Elf:1    | Found a huge runed translucent gate.
  5436 | Elf:1    | Found a huge runed translucent gate.
  5436 | Elf:1    | Found a huge runed translucent gate.
  5438 | Elf:1    | Found a huge runed translucent gate.
  5438 | Elf:1    | Found a huge runed translucent gate.
  5438 | Elf:1    | Found a huge runed translucent gate.
  5445 | Elf:1    | Found a huge runed translucent gate.
  5449 | Elf:1    | Identified the +6 double sword of Lorph {vorpal, Dex+4}
  5449 | Elf:1    | Noticed a deep elf blademaster
  5450 | Elf:1    | Noticed a deep elf blademaster
  5518 | Elf:2    | Paralysed by an air elemental for 1 turns
  5533 | Elf:2    | XOM: 1-stop teleportation journey
  5566 | Elf:2    | HP: 3/122 [+8 halberd of protection (22)]
  5567 | Elf:2    | Demolished by a +8 halberd of protection

Illustrated notes

Levels and vault maps discovered:
D:1:      dpeg_arrival_circle_labyrinth_c, layout_loops_ring
D:2:      layout_basic, minmay_tall_x
D:3:      layout_rooms, serial_shops, nicolae_shop_advertising_works
          [nicolae_subvault_shop_adworks],
          dreamdust_ecumenical_altar_hidden_monk_grotto, uniq_robin,
          uniq_crazy_yiuf_cottage, uniq_ijyb
D:4:      layout_gridville
D:5:      minmay_thinvault, layout_cave_pods, grunt_temple_overflow_cloverleaf,
          minmay_temple_entry_arrows, uniq_blork_the_orc
D:6:      layout_loops_corners, serial_bayou, serial_bayou_pond_a,
          serial_bayou_pond_b, serial_bayou_pond_c, serial_bayou_pond_b,
          serial_bayou_crossing
D:7:      layout_gridville
D:8:      kb_forest_paths, layout_loops_corners, enter_bailey_5,
          serial_park_tiny_pond, uniq_erica, uniq_maurice
D:9:      layout_loops_ring, serial_shops, kennysheep_mini_moat
D:10:     layout_basic, lair_entry_dummy, david_orc_2, special_room
          [special_room_orc], water_maze_lemuel
D:11:     layout_basic
D:12:     layout_roguey
D:13:     layout_basic, david_vaults_4, uniq_erolcha
D:14:     layout_cave_pools, hangedman_decor_push, serial_shops, shop_statue,
          nicolae_dithmenos_through_a_glass_darkly
Temple:   nicolae_temple_no_exploring_needed
Orc:1:    layout_caves
Orc:2:    grunt_orc_gardens, layout_caves, grunt_orc_garden, grunt_orc_garden,
          grunt_orc_garden, grunt_orc_garden, serial_shops, shop, shop,
          shop_coins, shop_scrolls, nicolae_shop_hallway_plus, abandoned_shop,
          nicolae_orc_pool_cavern
Elf:1:    layout_loops_ring, minmay_elf_demonology,
          nicolae_elf_double_double_double_trouble
Elf:2:    elven_hall_of_blades_hangedman_alternative
          [nicolae_blade_entry_diamond_columns], layout_rooms,
          nicolae_elf_martial_mastery

Skill      XL: |  1  2  3  4  5  6  7  8  9 10 11 12 13 |
---------------+----------------------------------------+-----
Evocations     | 1 2 3 5 6 |  6.6
Fighting       | 3 4 5 6 7 8 9 10 | 10.8
Unarmed Combat | 4 5 6 7 9 10 11 12 | 12.7
Shields        | 3 5 6 7 |  7.6
Invocations    | 2 5 6 7 |  7.9
Transmutations | 2 4 5 |  5.7
Dodging        | |  1.9

Action                   |  1- 3 |  4- 6 |  7- 9 | 10-12 | 13-15 || total
-------------------------+-------+-------+-------+-------+-------++-------
Melee: Unarmed           |    45 |   158 |   244 |   449 |   267 ||  1163
       Punch             |     1 |     1 |     9 |       |       ||    11
Invok: Slouch            |       |       |       |     9 |     7 ||    16
Evoke: Wand              |       |       |     6 |    13 |     8 ||    27
       Condenser vane    |       |       |       |     2 |     1 ||     3
  Use: Scroll            |       |     5 |    16 |    17 |    10 ||    48
       Potion            |       |       |     7 |     5 |     8 ||    20
 Stab: Invisible         |       |       |     3 |     2 |     2 ||     7
       Paralysed         |       |       |       |     4 |     2 ||     6
       Sleeping          |       |       |       |     1 |     1 ||     2
Armor: Robe              |    14 |    74 |    97 |    46 |       ||   231
       Skin              |       |       |     6 |       |       ||     6
       Troll leather arm |       |       |       |   119 |    57 ||   176
Dodge: Dodged            |    16 |    70 |   138 |   159 |    65 ||   448
Block: Kite shield       |       |       |       |   315 |   176 ||   491

Table legend: (Time is in decaauts)
 A = Elapsed time spent in this place.
 B = Non-inter-level travel time spent in this place.
 C = Inter-level travel time spent in this place.
 D = Time resting spent in this place.
 E = Time spent auto-exploring this place.
 F = Levels seen in this place.
 G = Mean time per level.
                   A        B        C        D        E       F      G
               +--------+--------+--------+--------+--------+-----+--------+
         Total |   7520 |   7255 |    265 |     46 |      0 |  20 |  376.0 |
       Dungeon |   5750 |   5546 |    204 |     46 |      0 |  14 |  410.7 |
        Temple |     21 |     10 |     11 |      0 |      0 |   1 |   21.0 |
  Orcish Mines |   1178 |   1155 |     23 |      0 |      0 |   2 |  589.0 |
   Elven Halls |    275 |    250 |     25 |      0 |      0 |   2 |  137.5 |
        Bailey |    294 |    294 |      0 |      0 |      0 |   1 |  294.0 |
               +--------+--------+--------+--------+--------+-----+--------+

Top non-repeatable levels by time:
     D:8: 1077 daAuts
   Orc:2: 847 daAuts
    D:10: 662 daAuts
     D:5: 501 daAuts
    D:11: 490 daAuts
    D:13: 464 daAuts
     D:6: 437 daAuts
    D:14: 396 daAuts
     D:9: 346 daAuts
   Orc:1: 331 daAuts
  Bailey: 294 daAuts
     D:7: 293 daAuts
    D:12: 259 daAuts
     D:2: 228 daAuts
     D:4: 216 daAuts
